 Dungeon Crawl Stone Soup version 0.30-a0-310-g7d6cbdfea6 (webtiles) character file.

Game seed: 4039720562889073021

5382 bande the Cleaver (level 10, 0/61 HPs)
             Began as a Gargoyle Fighter on Oct 25, 2022.
             Was an Elder of Okawaru.
             Slain by a yak (4 damage)
             ... on level 9 of the Dungeon.
             The game lasted 00:15:22 (9879 turns).

bande the Cleaver (Gargoyle Fighter)                Turns: 9879, Time: 00:15:23

Health: 0/61       AC: 26    Str: 21    XL:     10   Next: 66%
Magic:  14/14      EV:  6    Int:  8    God:    Okawaru [****..]
Gold:   377        SH:  5    Dex: 13    Spells: 9/9 levels left

rFire   . . .      SeeInvis .    a - +1 war axe (flame)
rCold   . . .      Faith    .    c - +0 buckler
rNeg    + . .      Spirit   .    F - +0 plate armour
rPois   ∞          Reflect  .    h - +1 helmet
rElec   +          Harm     .    t - +1 cloak
rCorr   .          Rampage  .    (no gloves)
Will    ++...                    r - +0 pair of boots
Stlth   ..........               (no amulet)
HPRegen 0.30/turn                f - ring of willpower
MPRegen 0.14/turn                e - ring of willpower

@: no status effects
A: sickness immunity, AC +7, negative energy resistance 1, electricity
resistance, torment resistance 1, petrification resistance
a: Renounce Religion, Heroism, Finesse


You were on level 9 of the Dungeon.
You worshipped Okawaru.
Okawaru was greatly pleased with you.
You visited 2 branches of the dungeon, and saw 10 of its levels.

You collected 377 gold pieces.

Inventory:

Hand Weapons
 a - a +1 war axe of flaming (weapon)
 b - a +0 war axe
Missiles
 G - a throwing net (quivered)
Armour
 c - a +0 buckler (worn)
 h - a +1 helmet (worn)
 r - a +0 pair of boots (worn)
 t - a +1 cloak (worn)
 F - a +0 plate armour (worn)
Jewellery
 e - a ring of willpower (right hand)
 f - a ring of willpower (left hand)
 n - a +6 ring of intelligence
 o - an amulet of the acrobat
 v - a +6 ring of strength
Wands
 i - a wand of flame (37)
 w - a wand of iceblast (6)
 A - a wand of paralysis (27)
 C - a wand of acid (5)
Scrolls
 j - 2 scrolls of blinking
 l - a scroll of enchant armour
 q - 2 scrolls of enchant weapon
 s - 3 scrolls of amnesia
 u - a scroll of poison
 y - 2 scrolls of teleportation
Potions
 d - 3 potions of might
 g - a potion of degeneration {unknown}
 k - 4 potions of ambrosia
 m - 3 potions of curing
 p - 2 potions of mutation
 x - 2 potions of heal wounds
 z - a potion of berserk rage {unknown}
 B - a potion of haste {unknown}
 D - 2 potions of invisibility {unknown}
 E - 3 potions of brilliance {unknown}
 H - a potion of magic {unknown}
 I - a potion of resistance {unknown}


   Skills:
 + Level 6.8 Fighting
 + Level 9.1 Axes
 + Level 7.2 Armour
 + Level 5.9 Shields
 * Level 5.4 Invocations
 * Level 5.3 Evocations


You had 9 spell levels left.
You didn't know any spells.
Your spell library contained the following spells:

 Spells                   Type           Power      Damage    Failure   Level
 Gell's Gravitas          Tloc           0%         N/A       100%        3
 Teleport Other           Tloc           0%         N/A       100%        3
 Airstrike                Air            0%         2d(0-16)  100%        4
 Lightning Bolt           Conj/Air       0%         1d11      100%        5
 Dispersal                Tloc           0%         N/A       100%        6
 Orb of Destruction       Conj           0%         9d5       100%        7
 Summon Guardian Golem    Hex/Summ       Unusable   N/A       N/A         3
 Summon Lightning Spire   Summ/Air       Unusable   N/A       N/A         4
 Spellforged Servitor     Conj/Summ      Unusable   N/A       N/A         7

Dungeon Overview and Level Annotations

Branches:
Dungeon (9/15)             Temple (1/1) D:5            Lair (0/5) D:9
    Orc: D:9-12

Altars:
Fedhas
Gozag
Nemelex Xobeh
Okawaru
Qazlal
Ru
Sif Muna
Trog
Uskayaw
Wu Jian

Shops:
D:3 :

Annotations:
D:8 6 transporters
D:9 3 runed translucent doors, Erolcha; blackman's ghost, novice OpCj


Innate Abilities, Weirdness & Mutations

You are immune to sickness and miasma.
Your stone body is resilient. (AC +7)
You are immune to poison.
You resist negative energy. (rN+)
You are resistant to electric shocks. (rElec)
You are resistant to unholy torment.
You are immune to petrification.


Message History

Erolcha casts a spell.
Erolcha flickers and vanishes!
Deactivating autopickup; reactivate with Ctrl-A.
The howler monkey hits you but does no damage.
You barely miss the yak.
The yak is heavily wounded.
You slash the orc! You burn the orc.
You kill the orc!
Okawaru accepts your kill.
You closely miss the howler monkey. You barely miss the wight.
The wight hits you but does no damage. x2
The yak gores you but does no damage.
The howler monkey hits you but does no damage.
You hit the yak. You burn the yak.
The yak is severely wounded.
You slash the howler monkey! You burn the howler monkey.
You kill the howler monkey!
Okawaru accepts your kill.
You barely miss the wight. You barely miss the yak.
The wight hits you but does no damage. The yak gores you!
The wight hits you from afar with a +2 trident!
You block the yak's attack.
You slice the wight!! You burn the wight.
You destroy the wight!
Okawaru accepts your kill.
You hit the yak but do no damage. You slash the yak! You burn the yak.
You barely miss the yak. The yak gores you but does no damage.
The wight hits you but does no damage. The yak gores you!
You block the yak's attack.
You slash something! You burn something. You closely miss the yak.
You slash the yak! You burn the yak. You slash the yak! You burn the yak.
The yak gores you but does no damage. You block the yak's attack.
You block the wight's attack. The yak barely misses you. Something hits you!
* * * LOW HITPOINT WARNING * * *
Unknown command.
You closely miss something. You hit the yak. You burn the yak.
You barely miss the yak. You hit the yak but do no damage. The yak gores you!
* * * LOW HITPOINT WARNING * * *
The yak gores you.
You die...

....#### ##.....
###....####...#
...
####......<.#
... ####....##
.... ###..###
.....
###..####.....
#####.)).z.....
......#)YY...##.
........@{.### #
.........Y.# #
...........# #
............# #
............# ##
...........# .#
............ .#
............. .#


You could see 3 yaks and a wight.

Vanquished Creatures
  A rime drake (D:9)
  A troll (D:9)
  A wyvern (D:7)
  A steam dragon (D:8)
  A water moccasin (D:8)
  6 orc warriors
  5 ice beasts
  2 black bears
  2 sky beasts (D:6)
  4 centaurs
  3 wolves (D:9)
  3 phantoms
  A gnoll sergeant (D:6)
  3 scorpions
  21 wights
  2 howler monkeys
  A crimson imp (D:7)
  2 hounds (D:5)
  2 jellies
  Crazy Yiuf (D:5)
  4 orc priests
  10 iguanas
  Jessica (D:2)
  3 orc wizards
  Robin (D:4)
  5 adders
  3 gnolls (D:6)
  2 white imps
  2 ufetubi
  4 worms
  A dart slug (D:1)
  22 orcs
  2 ball pythons
  6 bats
  9 endoplasms
  3 giant cockroaches
  14 goblins
  10 hobgoblins (D:4)
  4 jackals
  8 quokkas
  2 frilled lizards
  4 kobolds
  5 rats
188 creatures vanquished.

Vanquished Creatures (others)
  A fungus (D:9)
  3 plants (D:9)
4 creatures vanquished.

Grand Total: 192 creatures vanquished

Notes
Turn   | Place    | Note
-------+----------+-------------------------------------------
     0 | D:1      | bande the Gargoyle Fighter began the quest for the Orb.
     0 | D:1      | Reached XP level 1. HP: 14/14 MP: 1/1
   237 | D:1      | Reached XP level 2. HP: 19/19 MP: 2/2
   349 | D:1      | Reached skill level 2 in Axes
   843 | D:2      | Reached XP level 3. HP: 24/24 MP: 3/3
  1028 | D:2      | Found a faded altar of an unknown god.
  1061 | D:2      | Noticed Jessica
  1069 | D:2      | Killed Jessica
  1070 | D:2      | Reached skill level 3 in Axes
  1070 | D:2      | Reached XP level 4. HP: 17/29 MP: 4/4
  1412 | D:3      | Found Rerum's Book Shop.
  1672 | D:3      | Reached XP level 5. HP: 23/33 MP: 5/5
  2315 | D:4      | Noticed a black bear
  2321 | D:4      | Killed a black bear
  2322 | D:4      | Reached skill level 4 in Axes
  2322 | D:4      | Reached skill level 1 in Evocations
  2322 | D:4      | Reached XP level 6. HP: 38/38 MP: 6/6
  2356 | D:4      | Noticed an ice beast
  2374 | D:4      | Killed an ice beast
  2500 | D:4      | Found a hide-covered altar of Uskayaw.
  2600 | D:4      | Found a sparkling altar of Nemelex Xobeh.
  2789 | D:4      | Noticed Robin
  2794 | D:4      | Reached XP level 7. HP: 37/44 MP: 7/7
  2802 | D:4      | Killed Robin
  2941 | D:4      | Reached skill level 5 in Axes
  3101 | D:5      | Entered Level 5 of the Dungeon
  3612 | D:5      | Identified the +2 ring mail of Zywejuer {rPois Dex+5}
  3673 | D:5      | Reached skill level 5 in Armour
  3673 | D:5      | Reached XP level 8. HP: 45/48 MP: 8/8
  3712 | D:5      | Found a staircase to the Ecumenical Temple.
  3721 | Temple   | Entered the Ecumenical Temple
  3732 | Temple   | Reached skill level 5 in Fighting
  3741 | Temple   | Became a worshipper of Warmaster Okawaru
  3806 | D:5      | Reached skill level 6 in Axes
  3866 | D:5      | Found a runed translucent door.
  3867 | D:5      | Noticed Crazy Yiuf
  3874 | D:5      | Killed Crazy Yiuf
  4152 | D:6      | Reached skill level 1 in Invocations
  4158 | D:6      | Found a blossoming altar of Fedhas.
  4711 | D:6      | Reached * piety under Okawaru
  4803 | D:6      | Reached skill level 7 in Axes
  4803 | D:6      | Reached XP level 9. HP: 41/54 MP: 10/10
  5584 | D:7      | Reached skill level 5 in Shields
  5996 | D:7      | Identified the +2 robe "Pinyh" {Drain +Blink rN++ Regen+}
  6027 | D:7      | Reached ** piety under Okawaru
  7338 | D:8      | Reached skill level 8 in Axes
  8167 | D:8      | Found a transporter.
  8171 | D:8      | Found a transporter.
  8172 | D:8      | Found a transporter.
  8174 | D:8      | Found a transporter.
  8236 | D:8      | Found a transporter.
  8243 | D:8      | Found a transporter.
  8354 | D:8      | Reached XP level 10. HP: 60/60 MP: 13/13
  9089 | D:9      | Reached *** piety under Okawaru
  9153 | D:9      | Identified the +2 spear "Jellybane" {spect, rElec Str+6
                  | Dex-4}
  9173 | D:9      | Reached skill level 5 in Evocations
  9186 | D:9      | Reached skill level 5 in Invocations
  9422 | D:9      | Found a runed translucent gate.
  9424 | D:9      | Found a runed translucent gate.
  9430 | D:9      | Found a runed translucent gate.
  9431 | D:9      | Noticed a kobold demonologist
  9431 | D:9      | Noticed blackman's ghost (novice OpCj)
  9509 | D:9      | Found a staircase to the Lair.
  9524 | D:9      | Reached **** piety under Okawaru
  9525 | D:9      | Reached skill level 9 in Axes
  9870 | D:9      | Noticed Erolcha
  9879 | D:9      | Slain by a yak

Illustrated notes

Levels and vault maps discovered:
D:1:      erik_arrival_orb_chamber, layout_basic
D:2:      layout_loops_ring, ebering_ecumenical_altar_ruins, minmay_tromino_v7,
          uniq_jessica
D:3:      layout_loops_corners, serial_shops, nicolae_shop_hallway_plus,
          hangedman_decor_diamond_cutter
D:4:      layout_basic, eat_drink_and_be_merry_uskayaw, lemuel_round_altar,
          hex_intersection, uniq_robin
D:5:      layout_cave_pools, minmay_temple_entry_overgrown,
          kennysheep_generic_room_5, uniq_crazy_yiuf_cottage
D:6:      layout_rooms, nicolae_overflow_hidden_temple
D:7:      layout_basic, minmay_fire_ice_demons
D:8:      layout_rooms, serial_nicolae_subway, nicolae_sub_station_crystal,
          nicolae_sub_station_stone, nicolae_sub_station_metal
D:9:      layout_cave_pods, hellmonk_lair_entry_icy,
          gammafunk_ghost_nasty_kobolds, uniq_erolcha
Temple:   hellmonk_temple_of_storms

Skill      XL: |  1  2  3  4  5  6  7  8  9 10 |
---------------+-------------------------------+-----
Axes           | 2 3 4 5 7 8 9 |  9.1
Fighting       | 4 5 6 |  6.8
Armour         | 4 5 6 7 |  7.2
Shields        | 4 5 |  5.9
Evocations     | 1 2 3 4 5 |  5.3
Invocations    | 2 4 5 |  5.4

Action                   |  1- 3 |  4- 6 |  7- 9 | 10-12 || total
-------------------------+-------+-------+-------+-------++-------
Melee: War axe           |    76 |   131 |   410 |   101 ||   718
  Use: Scroll            |     4 |     8 |     4 |     2 ||    18
Armor: Scale mail        |    36 |       |       |       ||    36
       Chain mail        |       |    85 |   273 |       ||   358
       Plate armour      |       |       |    39 |   129 ||   168
Dodge: Dodged            |    40 |    54 |   160 |    50 ||   304
Block: Buckler           |    13 |    40 |   106 |    56 ||   215

Table legend: (Time is in decaauts)
 A = Elapsed time spent in this place.
 B = Non-inter-level travel time spent in this place.
 C = Inter-level travel time spent in this place.
 D = Time resting spent in this place.
 E = Time spent auto-exploring this place.
 F = Levels seen in this place.
 G = Mean time per level.
                   A        B        C        D        E       F      G
               +--------+--------+--------+--------+--------+-----+--------+
         Total |  10067 |   9976 |     91 |   3238 |   4781 |  10 | 1006.7 |
       Dungeon |  10034 |   9943 |     91 |   3238 |   4781 |   9 | 1114.9 |
        Temple |     32 |     32 |      0 |      0 |      0 |   1 |   32.0 |
               +--------+--------+--------+--------+--------+-----+--------+

Top non-repeatable levels by time:
     D:7: 1833 daAuts
     D:8: 1778 daAuts
     D:4: 1142 daAuts
     D:6: 1078 daAuts
     D:5: 1049 daAuts
     D:3: 912 daAuts
     D:9: 816 daAuts
     D:1: 750 daAuts
     D:2: 673 daAuts
  Temple: 32 daAuts
